 Dungeon Crawl Stone Soup version 0.28.0-53-g5a82cb258f (webtiles) character file.

Game seed: 16024432178742080323

10392 DuloT34 the Fighter (level 11, -5/138 HPs)
             Began as a Demonspawn Necromancer on June 8, 2022.
             Was a Priest of Kikubaaqudgha.
             Slain by a vampire (10 damage)
             ... on level 11 of the Dungeon.
             The game lasted 00:55:29 (18062 turns).

DuloT34 the Fighter (Demonspawn Necromancer)       Turns: 18062, Time: 00:55:30

Health: -5/138     AC: 25    Str:  6 (8)  XL:     11   Next: 35%
Magic:  25/25      EV:  2    Int: 19 (21) God:    Kikubaaqudgha [***...]
Gold:   358        SH:  0    Dex: 13 (16) Spells: 8/31 levels left

rFire   . . .      SeeInvis .   b - staff of death
rCold   + . .      Faith    .   (no shield)
rNeg    + . .      Spirit   .   (armour currently unavailable)
rPois   +          Reflect  .   (helmet currently unavailable)
rElec   .          Harm     .   (cloak currently unavailable)
rCorr   .          Rampage  .   (gloves currently unavailable)
Will    .....      NoTele   +   (boots currently unavailable)
Stlth   +++.......              (no amulet)
HPRegen 0.33/turn               e - ring of protection from cold
MPRegen 0.38/turn               (no ring)

@: mighty, tree-form, attractive, hasted, very quick
A: stationary, stasis, torment immunity, boosted hp, (hooves 2), thin skeletal
structure 1, foul stench 1, magic regeneration, noise suppression
a: Renounce Religion, Receive Corpses


You were on level 11 of the Dungeon.
You worshipped Kikubaaqudgha.
Kikubaaqudgha was most pleased with you.
You were a tree.
You visited 1 branch of the dungeon, and saw 11 of its levels.
You also visited: Sewer.

You collected 358 gold pieces.

Inventory:

Hand Weapons
 c - a +0 short sword
 C - the +4 rapier of Turmoil {flame, rPois rF+ rC- Int+4}
   (You found it on level 6 of the Dungeon)

   It burns those it strikes, dealing additional fire damage.
   Int:       It affects your intelligence (+4).
   rF:        It protects you from fire.
   rC:        It makes you vulnerable to cold.
   rPois:     It protects you from poison.
Missiles
 k - 5 throwing nets
Armour
 a - a +0 robe
 r - a +0 kite shield
 y - +0 steam dragon scales (melded)
 A - a +1 hat
 E - a +0 pair of gloves (melded)
 F - +0 swamp dragon scales
 O - the +2 hood of the Assassin (melded) {Detection Stab+ Stlth++}
   (You found it on level 10 of the Dungeon)

   It allows the wearer to sense nearby creatures.
   It allows the wearer to make particularly effective stabbing attacks against
   helpless or unaware enemies with any weapon.
   Stlth:     It makes you much more stealthy.
Magical Staves
 b - a staff of death (weapon)
Jewellery
 e - a ring of protection from cold (left branch)
 D - a +4 ring of protection
Wands
 t - a wand of paralysis (1)
 B - a wand of flame (8)
 G - a wand of polymorph (3)
 K - a wand of digging (9)
 M - a wand of iceblast (5)
Scrolls
 f - 4 scrolls of silence
 h - a scroll of fog
 i - 3 scrolls of blinking
 j - 4 scrolls of teleportation
 l - 2 scrolls of noise {unknown}
 q - a scroll of fear {unknown}
 v - 5 scrolls of identify
 x - 2 scrolls of immolation {unknown}
 I - 2 scrolls of magic mapping {unknown}
 J - a scroll of holy word {unknown}
 L - a scroll of enchant armour {unknown}
 N - a scroll of vulnerability {unknown}
 P - a scroll of acquirement
Potions
 d - 2 potions of curing
 g - a potion of ambrosia
 m - a potion of degeneration
 n - a potion of magic
 p - a potion of attraction
 s - a potion of flight
 u - 3 potions of lignification
 z - 3 potions of mutation
 H - a potion of haste
Miscellaneous
 o - a phantom mirror (inert)


   Skills:
 - Level 10.9 Fighting
 + Level 4.6 Dodging
 - Level 1.7 Stealth
 + Level 10.6 Spellcasting
 + Level 8.6 Necromancy
 - Level 3.0 Ice Magic


You had 8 spell levels left.
You knew the following spells:

 Your Spells              Type           Power      Damage    Failure   Level
a - Pain                  Necr           100%       1d9       1%          1
b - Animate Skeleton      Necr           100%       N/A       1%          1
c - Vampiric Draining     Necr           59%        2d10      1%          3
d - Animate Dead          Necr           29%        N/A       1%          4
e - Ozocubu's Armour      Ice            21%        N/A       6%          3
f - Agony                 Necr           59%        N/A       5%          5
g - Ensorcelled Hibernat  Hex/Ice        30%        N/A       6%          2
h - Ice Form              Ice/Tmut       15%        N/A       36%         4

Your spell library contained the following spells:

 Spells                   Type           Power      Damage    Failure   Level
 Corpse Rot               Necr/Air       78%        N/A       1%          2
 Dispel Undead            Necr           59%        3d21      1%          4
 Anguish                  Hex/Necr       19%        N/A       12%         4
 Gell's Gravitas          Tloc           10%        N/A       22%         3
 Teleport Other           Tloc           10%        N/A       22%         3
 Borgnjor's Vile Clutch   Necr/Erth      19%        N/A       32%         5
 Airstrike                Air            5%         N/A       56%         4
 Summon Lightning Spire   Summ/Air       10%        N/A       56%         4
 Simulacrum               Ice/Necr       24%        N/A       69%         6
 Lightning Bolt           Conj/Air       5%         1d17      89%         5
 Dispersal                Tloc           5%         N/A       100%        6


Dungeon Overview and Level Annotations

Branches:
Dungeon (11/15)            Temple (0/1) D:7            Lair (0/6) D:11
    Orc (0/2) D:10          Sewer (visited)

Altars:
Dithmenos
Kikubaaqudgha
Makhleb
Wu Jian

Shops:
D:2 (   D:7 [   D:9 (

Annotations:
D:5 1 runed translucent door, Crazy Yiuf


Innate Abilities, Weirdness & Mutations

You are a tree.
Your roots penetrate the ground, keeping you stationary.
You cannot be teleported.
You are immune to unholy pain and torment.
Your maximum health is greatly increased.
Your equipment is partially melded.
((You have hoof-like feet.))
You have a somewhat thin skeletal structure. (Dex +2, Stealth+)
You may rarely emit foul miasma when damaged in melee.
You regenerate magic rapidly.
You passively dampen the noise of your surroundings.


Message History

Hit: b) staff of death
Press: ? - help, Dir - move target You barely miss something.
Something hits you!
* * * LOW HITPOINT WARNING * * *
Something bites you but does no damage.
You feel better.
You cannot blink because you are held in place by your roots.
You cannot teleport because you are held in place by your roots.
You cannot move.
Hit: b) staff of death
Press: ? - help, Dir - move target You closely miss something.
Something hits you.
* * * LOW HITPOINT WARNING * * *
Something bites you but does no damage.
Your magical contamination has completely faded away.
Hit: b) staff of death
Press: ? - help, Dir - move target You hit something.
Your icy armour evaporates.
Something hits you but does no damage. Something bites you but does no damage.
Hit: b) staff of death
Press: ? - help, Dir - move target You hit something!
Something hits you but does no damage. Something bites you but does no damage.
Hit: b) staff of death
Press: ? - help, Dir - move target You barely miss something.
Hit: b) staff of death
Press: ? - help, Dir - move target You miss something.
Something hits you!
* * * LOW HITPOINT WARNING * * *
Something bites you but does no damage.
Hit: b) staff of death
Press: ? - help, Dir - move target, f - you
Okay, then.
Hit: b) staff of death
Press: ? - help, Dir - move target You hit something.
Something hits you but does no damage. Something bites you!
You die...
Kikubaaqudgha rasps: "You have failed me!
Welcome... death!"

#.........##.............#..#...
######...................#Y.YY#
#....##.............###{...
###..##.............# ....
#<............##### .#..
#.###.#....... .... #...#
#....##.. . .# . #.###
#....###.... ## ..) #^..♣{......
..# #............ ...#
#............. ...
.........(...).. ..
#.###........... #. #.....$.#.(.
. #$.........# ###..#.###..


There were no monsters in sight!

Vanquished Creatures
  Harold (D:7)
  A manticore (D:11)
  A water nymph (D:11)
  Maggie (D:7)
  2 trolls
  A wyvern (D:7)
  16 yaks
  3 vampire mosquitoes (D:10)
  An acid dragon (D:11)
  3 wargs (D:10)
  A water moccasin (D:9)
  3 orc warriors
  4 sky beasts
  A necrophage (D:4)
  A black bear (D:6)
  4 ogres
  An ice beast (D:6)
  2 centaurs
  A kobold brigand (D:7)
  5 bullfrogs
  2 scorpions
  3 water moccasin zombies
  Dowan (D:5)
  3 wights (D:9)
  12 killer bees
  2 howler monkeys
  A bullfrog zombie (D:6)
  5 centaur zombies
  2 jellies
  3 hounds (D:6)
  6 orc priests
  3 bullfrog skeletons
  A centaur skeleton (D:6)
  7 orc wizards
  A killer bee zombie (D:8)
  A hound zombie (D:5)
  Robin (D:3)
  A howler monkey zombie (D:8)
  10 gnolls
  9 adders
  A shadow imp (D:5)
  2 white imps
  An ufetubus (D:5)
  4 worms
  4 dart slugs
  32 orcs
  4 bats
  2 bat zombies (D:3)
  8 endoplasms
  9 giant cockroaches
  7 hobgoblins
  12 jackals
  11 kobolds
  6 quokkas
  14 ball pythons
  11 frilled lizards
  16 goblins
  2 rats (D:3)
273 creatures vanquished.

Vanquished Creatures (collateral kills)
  2 yaks (D:5)
  A steam dragon (D:6)
  Duvessa (D:5)
  An ogre (D:7)
  A phantom (D:5)
  A hound skeleton (D:4)
  A howler monkey skeleton (D:4)
8 creatures vanquished.

Vanquished Creatures (others)
  11 plants (D:8)
11 creatures vanquished.

Grand Total: 292 creatures vanquished

Notes
Turn   | Place    | Note
-------+----------+-------------------------------------------
     0 | D:1      | DuloT34 the Demonspawn Necromancer began the quest for the
                  | Orb.
     0 | D:1      | Reached XP level 1. HP: 13/13 MP: 3/3
   349 | D:1      | Reached skill level 1 in Fighting
   568 | D:1      | Learned a level 1 spell: Animate Skeleton
   627 | D:1      | Gained mutation: You have large cloven feet. [demonic
                  | ancestry]
   627 | D:1      | Reached XP level 2. HP: 19/21 MP: 1/5
  1227 | D:1      | Identified a scroll of acquirement
  1227 | D:1      | Acquired a staff of death
  1554 | D:1      | Reached XP level 3. HP: 22/27 MP: 1/7
  2118 | D:2      | Learned a level 3 spell: Vampiric Draining
  2646 | D:2      | Reached XP level 4. HP: 31/34 MP: 5/8
  2672 | D:2      | Found a faded altar of an unknown god.
  3252 | D:2      | Found Hirghah's Antique Weapon Emporium.
  3471 | D:3      | Noticed Robin
  3559 | D:3      | Killed Robin
  3560 | D:3      | Reached XP level 5. HP: 29/41 MP: 3/10
  4799 | D:3      | Found an ancient bone altar of Kikubaaqudgha.
  4807 | D:3      | Became a worshipper of Kikubaaqudgha
  5240 | D:4      | Noticed an ogre
  5248 | D:4      | Killed an ogre
  5249 | D:4      | Gained mutation: You regenerate magic rapidly. [demonic
                  | ancestry]
  5249 | D:4      | Reached XP level 6. HP: 48/48 MP: 4/12
  5258 | D:4      | Reached skill level 5 in Necromancy
  5263 | D:4      | Learned a level 4 spell: Animate Dead
  5265 | D:4      | Got Sif Muna's Compendium of Cold
  5270 | D:4      | Learned a level 3 spell: Ozocubu's Armour
  5410 | D:4      | Gained mutation: You have hoof-like feet. [demonic
                  | ancestry]
  5410 | D:4      | Reached XP level 7. HP: 52/55 MP: 8/14
  5495 | D:4      | Found a glowing drain.
  5507 | Sewer    | Entered a sewer
  5573 | Sewer    | Reached * piety under Kikubaaqudgha
  5573 | Sewer    | Received a gift from Kikubaaqudgha
  5668 | Sewer    | Reached skill level 5 in Spellcasting
  5796 | Sewer    | Reached skill level 5 in Fighting
  6423 | D:5      | Entered Level 5 of the Dungeon
  6533 | D:5      | Noticed Duvessa
  6535 | D:5      | Noticed Dowan
  6550 | D:5      | Killed Duvessa
  6551 | D:5      | Reached XP level 8. HP: 63/63 MP: 8/16
  6552 | D:5      | Killed Dowan
  7530 | D:5      | Found a runed translucent door.
  7531 | D:5      | Noticed Crazy Yiuf
  8266 | D:6      | Reached XP level 9. HP: 72/72 MP: 12/19
  8973 | D:6      | Reached ** piety under Kikubaaqudgha
  9133 | D:6      | Found a burning altar of Makhleb.
  9431 | D:6      | Identified the +4 rapier of Turmoil {flame, rPois rF+ rC-
                  | Int+4}
  9649 | D:6      | Found an ornate altar of the Wu Jian Council.
 10557 | D:7      | Noticed Harold
 10596 | D:7      | Killed Harold
 10597 | D:7      | Gained mutation: You have a somewhat thin skeletal
                  | structure. (Dex +2, Stealth+) [demonic ancestry]
 10597 | D:7      | Reached XP level 10. HP: 47/84 MP: 1/23
 11050 | D:7      | Reached skill level 10 in Fighting
 11197 | D:7      | Found a staircase to the Ecumenical Temple.
 11271 | D:7      | Found a shadowy altar of Dithmenos.
 11763 | D:7      | Found Jopp's Antique Armour Emporium.
 11892 | D:7      | Noticed Maggie
 11912 | D:7      | Killed Maggie
 12182 | D:8      | Reached skill level 10 in Spellcasting
 12634 | D:8      | Reached *** piety under Kikubaaqudgha
 12634 | D:8      | Received a gift from Kikubaaqudgha
 12845 | D:8      | Noticed a cyclops
 13241 | D:7      | Learned a level 5 spell: Agony
 13244 | D:7      | Learned a level 2 spell: Ensorcelled Hibernation
 13249 | D:7      | Learned a level 4 spell: Ice Form
 13481 | D:8      | Noticed a cyclops
 14050 | D:9      | Reached skill level 1 in Ice Magic
 14560 | D:9      | Identified the +1 chain mail of Weightlessness {rC+}
 14636 | D:9      | Found Bomeit's Antique Weapon Boutique.
 14989 | D:10     | Entered Level 10 of the Dungeon
 15494 | D:10     | Found a staircase to the Orcish Mines.
 15596 | D:10     | Gained mutation: You may rarely emit foul miasma when
                  | damaged in melee. [demonic ancestry]
 15596 | D:10     | Reached XP level 11. HP: 92/92 MP: 14/25
 15716 | D:10     | Identified the +4 ring mail "Kumnecw" {rN+}
 15954 | D:10     | Found the +2 hood of the Assassin {Detection Stab+ Stlth++}
 17067 | D:11     | Found a staircase to the Lair.
 17351 | D:11     | Noticed a two-headed ogre
 17358 | D:11     | a two-headed ogre changed into a water nymph
 17840 | D:10     | Gained mutation: Potions are less effective at restoring
                  | your health. [mutagenic glow]
 18046 | D:11     | Lost mutation: Potions are less effective at restoring your
                  | health. [potion of mutation]
 18046 | D:11     | Gained mutation: You passively dampen the noise of your
                  | surroundings. [potion of mutation]
 18055 | D:11     | HP: 3/138 [something (10)]
 18061 | D:11     | HP: 4/138 [something (7)]
 18062 | D:11     | Slain by a vampire

Illustrated notes

Levels and vault maps discovered:
D:1:      shiori_shiawase, layout_loops_ring
D:2:      layout_rooms, shapermc_ecumenical_altar_pompeii, serial_shops, shop,
          nicolae_elevator_lobby_plus
D:3:      layout_basic, lemuel_zombie_altar_kikubaaqudgha, uniq_robin
D:4:      layout_cave_pools, portal_sewer_entry_d
D:5:      layout_loops_ring, uniq_duvessa, uniq_crazy_yiuf_cottage
D:6:      layout_basic, makhleb_blood_cavern_becter, nzn_wu_jian_contemplation
D:7:      layout_loops_ring, grunt_dithmenos_smoke_and_mirrors,
          minmay_temple_entry_poolview, serial_shops, shop,
          chequers_serial_rivers_room_a, uniq_harold, uniq_maggie
D:8:      layout_loops_ring, grunt_ministairs_1, serial_bayou_crossing
D:9:      layout_cave_pools, serial_shops, kennysheep_mini_moat
D:10:     layout_basic, minmay_orc_entry_guard_dogs
D:11:     layout_rooms, lair_entry_dummy

Skill      XL: |  1  2  3  4  5  6  7  8  9 10 11 |
---------------+----------------------------------+-----
Fighting       | 1 2 3 4 5 7 9 10 | 10.9
Spellcasting   | 3 4 5 7 9 10 | 10.6
Necromancy     | 5 6 7 8 |  8.6
Dodging        | 3 4 |  4.6
Ice Magic      | 2 3 |  3.0
Stealth        | |  1.7

Action                   |  1- 3 |  4- 6 |  7- 9 | 10-12 || total
-------------------------+-------+-------+-------+-------++-------
Melee: Unarmed           |    24 |       |       |   137 ||   161
       Short sword       |    16 |       |       |       ||    16
       Staff             |     9 |    34 |   216 |   148 ||   407
       Kick              |     5 |    11 |    87 |    57 ||   160
       Punch             |     1 |       |     7 |     1 ||     9
 Cast: Pain              |    68 |    95 |   111 |    53 ||   327
       Animate Skeleton  |     3 |     2 |       |       ||     5
       Vampiric Draining |     1 |    11 |    68 |   110 ||   190
       Animate Dead      |       |       |     6 |     2 ||     8
       Ozocubu's Armour  |       |       |    16 |    24 ||    40
       Ice Form          |       |       |       |    15 ||    15
       Agony             |       |       |       |     1 ||     1
Invok: Receive Corpses   |       |       |     3 |     2 ||     5
Evoke: Wand              |       |       |     6 |    19 ||    25
       Phantom mirror    |       |       |     2 |       ||     2
  Use: Scroll            |     5 |       |     2 |     1 ||     8
       Potion            |       |       |       |    15 ||    15
 Stab: Paralysed         |       |       |     8 |       ||     8
       Distracted        |       |       |     2 |       ||     2
Armor: Robe              |    10 |    14 |    52 |       ||    76
       Steam dragon scal |       |       |    44 |   124 ||   168
       Skin              |       |       |       |   171 ||   171
Dodge: Dodged            |    44 |    52 |   180 |   343 ||   619
